 Dungeon Crawl Stone Soup version 0.31-a0-233-g139696dc86 (webtiles) character file.

Game seed: 12110419650435247685

122522 Iniera the Draconian Cataclysm (level 16, -5/139 HPs)
             Began as a Purple Draconian Hunter on July 8, 2023.
             Was a High Priest of Qazlal.
             Killed from afar by a hell hog (21 damage)
             ... with a fireball
             ... on level 4 of the Abyss.
             The game lasted 00:37:53 (23975 turns).

Iniera the Draconian Cataclysm (DrHu)              Turns: 23975, Time: 00:37:53

Health: -5/139     AC: 18    Str: 15      XL:     16   Next: 34%
Magic:  19/19      EV: 23    Int: 10 (11) God:    Qazlal [*****.]
Gold:   2040       SH: 24    Dex: 28      Spells: 15/15 levels left

rFire   + . .        j - +5 sling "Uvvucoek" {heavy, Drain Will- rCorr Dex+7}
rCold   + . .        K - +2 kite shield {rPois}
rNeg    . . .        (body armour unavailable)
rPois   +            (helmet restricted)
rElec   .            C - scarf {rC+ rF+}
rCorr   +            n - +2 pair of gloves
SInv    .            a - +2 pair of boots
Will    +....        r - amulet of the acrobat
Stlth   +            H - ring "Imeinwy" {rPois rCorr Str+6 Dex+3}
HPRegen 0.00/turn    z - +4 ring of slaying
MPRegen 0.16/turn

%: repel missiles, acrobat
@: protected from physical damage, sick, inhibited regen, studying
Transmutations
A: breathe power, AC +9, unfitting armour, cold-blooded, [clumsy 2],
[deterioration 2], [low MP 3], [inhibited regeneration], ([teleportitis 2]),
[weak 2]
a: Breathe Dispelling Energy, Renounce Religion, Upheaval, Elemental Force,
Disaster Area


You were on level 4 of the Abyss.
You worshipped Qazlal.
Qazlal was extremely pleased with you.
You visited 5 branches of the dungeon, and saw 24 of its levels.
You visited the Abyss 3 times.
You also visited: Ossuary and Volcano.

You collected 2459 gold pieces.
You spent 419 gold pieces at shops.

Inventory:

Hand Weapons
 j - the +5 sling "Uvvucoek" (weapon) {heavy, Drain Will- rCorr Dex+7}
   (You found it on level 3 of the Dungeon)

   Dex:       It affects your dexterity (+7).
   rCorr:     It protects you from acid and corrosion.
   Drain:     It drains your maximum health when unequipped.
   Will:      It decreases your willpower.
Missiles
 J - a throwing net
Armour
 a - a +2 pair of boots (worn)
 n - a +2 pair of gloves (worn)
 C - a scarf of resistance (worn)
 K - a +2 kite shield of poison resistance (worn)
Jewellery
 b - a ring of willpower
 r - an amulet of the acrobat (around neck)
 z - a +4 ring of slaying (right hand)
 H - the ring "Imeinwy" (left hand) {rPois rCorr Str+6 Dex+3}
   (You acquired it on level 8 of the Dungeon)

   [ring of strength]

   Str:       It affects your strength (+6).
   Dex:       It affects your dexterity (+3).
   rPois:     It protects you from poison.
   rCorr:     It protects you from acid and corrosion.
 L - a +5 ring of evasion
Wands
 h - a wand of mindburst (12)
 v - a wand of charming (15)
 w - a wand of iceblast (16)
 y - a wand of flame (33)
Scrolls
 d - 7 scrolls of fear
 f - 4 scrolls of enchant weapon
 i - 2 scrolls of immolation
 k - 11 scrolls of identify
 p - 4 scrolls of teleportation
 u - a scroll of fog
 D - 6 scrolls of revelation
 F - a scroll of brand weapon
 M - a scroll of poison {unknown}
Potions
 c - 4 potions of berserk rage
 l - 2 potions of magic
 m - 2 potions of mutation
 o - a potion of might
 q - 8 potions of lignification
 s - 5 potions of brilliance
 x - 4 potions of attraction
 A - 2 potions of cancellation
 B - 6 potions of invisibility
 E - 2 potions of enlightenment
 I - a potion of haste
Miscellaneous
 G - a phial of floods


   Skills:
 + Level 12.2 Fighting
 - Level 14.4 Ranged Weapons
 + Level 11.5 Dodging
 - Level 0.8 Stealth
 - Level 12.5 Shields
 * Level 16.3 Invocations
 + Level 7.2 Evocations


You had 15 spell levels left.
You didn't know any spells.
Your spell library contained the following spells:

 Spells                   Type           Power      Damage    Failure   Level
 Necrotise                Necr           0%         1d4       58%         1
 Summon Small Mammal      Summ           0%         N/A       58%         1
 Blink                    Tloc           0%         N/A       75%         2
 Call Imp                 Summ           0%         N/A       75%         2
 Cigotuvi's Dreadful Rot  Necr/Pois/Air  0%         N/A       75%         2
 Lesser Beckoning         Tloc           0%         N/A       75%         2
 Poisonous Vapours        Pois/Air       0%         N/A       75%         2
 Sublimation of Blood     Necr           0%         N/A       75%         2
 Wereblood                Tmut           0%         N/A       75%         2
 Call Canine Familiar     Summ           0%         N/A       92%         3
 Dazzling Flash           Conj/Hex       0%         N/A       92%         3
 Gell's Gravitas          Tloc           0%         N/A       92%         3
 Hailstorm                Conj/Ice       0%         3d3       92%         3
 Ignite Poison            Fire/Tmut/Pois 0%         N/A       92%         3
 Mephitic Cloud           Conj/Pois/Air  0%         N/A       92%         3
 Ozocubu's Armour         Ice            0%         N/A       92%         3
 Summon Guardian Golem    Hex/Summ       0%         N/A       92%         3
 Teleport Other           Tloc           0%         N/A       92%         3
 Vampiric Draining        Necr           0%         2d6       92%         3
 Volatile Blastmotes      Fire/Tloc      0%         2d10      92%         3
 Animate Dead             Necr           0%         N/A       100%        4
 Ice Form                 Ice/Tmut       0%         N/A       100%        4
 Iskenderun's Mystic Bla  Conj/Tloc      0%         2d3       100%        4
 Manifold Assault         Tloc           0%         N/A       100%        4
 Sticky Flame             Conj/Fire      0%         2d3       100%        4
 Agony                    Necr           0%         N/A       100%        5
 Borgnjor's Vile Clutch   Necr/Erth      0%         N/A       100%        5
 Fireball                 Conj/Fire      0%         3d3       100%        5
 Freezing Cloud           Conj/Ice/Air   0%         6-21      100%        5
 Summon Forest            Summ/Tloc      0%         N/A       100%        5
 Death Channel            Necr           0%         N/A       100%        6
 Eringya's Noxious Bog    Tmut/Pois      0%         4d6       100%        6
 Simulacrum               Ice/Necr       0%         N/A       100%        6
 Starburst                Conj/Fire      0%         6d3       100%        6
 Orb of Destruction       Conj           0%         9d5       100%        7
 Ozocubu's Refrigeration  Ice            0%         4d7       100%        7
 Spellforged Servitor     Conj/Summ      0%         N/A       100%        7
 Storm Form               Tmut/Air       0%         N/A       100%        7
 Summon Hydra             Summ           0%         N/A       100%        7
 Ignition                 Fire           0%         3d3       100%        8


Dungeon Overview and Level Annotations

Branches:
Dungeon (15/15)            Temple (1/1) D:6            Lair (5/5) D:9
  Swamp (0/4) Lair:3       Spider (0/4) Lair:3        Slime (0/5) Lair:5
    Orc (2/2) D:10            Elf (1/3) Orc:2        Vaults (0/5) D:13
 Depths (0/4) D:15        Ossuary (visited)         Volcano (visited)

Altars:
Ashenzari
Cheibriados
Dithmenos
Elyvilon
Fedhas
Gozag
Hepliaklqana
Kikubaaqudgha
Makhleb
Nemelex Xobeh
Okawaru
Qazlal
Ru
Sif Muna
Trog
Uskayaw
Vehumet
Wu Jian
Xom
Yredelemnul
Zin
The Shining One
Jiyva

Shops:
D:2 (   D:4 !   D:6 *   Orc:2 ![*(:

Annotations:
D:3 1 runed translucent door, liarliar's ghost, amateur OpAE
D:13 3 runed translucent doors, Haugobec's ghost, journeyman MiBe


Innate Abilities, Weirdness & Mutations

You can breathe bolts of dispelling energy.
Your rich purple scales are hard. (AC +9)
You cannot fit into any form of body armour.
You are cold-blooded and may be slowed by cold attacks.
[You are very clumsy. (Dex -4)]
[Your body often deteriorates upon taking damage.]
[Your magical capacity is extremely low. (-30% MP)]
[You do not regenerate when monsters are visible.]
[((You are often teleported next to monsters.))]
[You are very weak. (Str -4)]


Message History

The green death hits you but does no damage.
The wretched star pulses with an eldritch light!
You feel clumsy. x2
A starcursed mass splits.
The starcursed mass shrieks in your mind.
* * * LOW HITPOINT WARNING * * *
You shoot a sling bullet. The sling bullet hits the green death!
You kill the green death!
Qazlal accepts your kill. The hell hog breathes fire at you.
The fireball explodes!
The fireball engulfs you! You resist.
* * * LOW HITPOINT WARNING * * *
A starcursed mass splits.
You hear an angry squeal.
The ancient zyme attacks as you move away!
You block the ancient zyme's attack. x2
You feel better.
The ancient zyme hits you but does no damage.
You block the ancient zyme's attack.
You shoot a sling bullet.
The sling bullet hits the ancient zyme!!
The ancient zyme is almost destroyed.
You block the ancient zyme's attack. The ancient zyme completely misses you.
The ancient zyme hits you but does no damage.
You block the ancient zyme's attack.
You feel ill.
Okay, then.
You shoot a sling bullet.
The sling bullet hits the ancient zyme!!
You destroy the ancient zyme!
Qazlal accepts your kill.
The hell hog bites you but does no damage.
Your life force feels restored.
You shoot a sling bullet. The sling bullet hits the hell hog!
The hell hog is moderately wounded.
The hell hog barely misses you.
You shoot a sling bullet.
The sling bullet hits the wretched star but does no damage.
The hell hog breathes fire at you.
The fireball explodes!
The fireball engulfs you!! You resist.
You die...

.. ...#.....
.#. ..#.. .
..... ......
..... .....#
.....##..#.#
...#.°.....
......°○.#
#...☼@##
....##*#h# .
##†##
.....XXh .
..###*. #.
#. . #####


You could see a wretched star and a hell hog (catching breath).

Vanquished Creatures
  A tentacled starspawn (Abyss:3)
  Agnes (D:15)
  A revenant (Abyss:3)
  A deep elf sorcerer (Elf:1)
  A balrug (Abyss:3)
  An orc warlord (Orc:2)
  A deep elf demonologist (Elf:1)
  Nessos (D:12)
  Azrael (D:15)
  An ettin (shapeshifter) (D:15)
  A green death (Abyss:4)
  6 hydras
  8 vault guards
  2 catoblepae
  5 centaur warriors
  5 boulder beetles
  4 dancing weapons (Elf:1)
  3 two-headed ogres
  A death knight (D:12)
  3 tengu warriors
  4 thrashing horrors
  3 death yaks (Lair:3)
  2 orc high priests
  2 deep elf knights (Elf:1)
  2 sun demons (Abyss:3)
  A shadow wraith (D:12)
  A fire crab (Lair:5)
  A skyshark (Lair:3)
  A glowing orange brain (D:15)
  A spatial maelstrom (Abyss:4)
  5 large abominations
  A wizard (D:12)
  A bog body (Lair:3)
  3 deep elf archers (Elf:1)
  3 orc knights
  16 deep elf pyromancers
  6 deep elf zephyrmancers
  6 orc sorcerers
  21 ugly things
  A manticore (D:12)
  7 cyclopes
  A molten gargoyle (Volcano)
  5 black mambas
  7 elephants
  7 cane toads
  A smoke demon (Abyss:3)
  2 gargoyles
  Maggie (D:8)
  2 efreet (D:10)
  10 komodo dragons
  A tengu conjurer (D:15)
  3 freezing wraiths
  An ancient zyme (Abyss:4)
  4 rime drakes
  6 trolls
  5 hornets (Lair:5)
  A meliai (D:12)
  8 polar bears
  A wolf spider simulacrum (D:14)
  8 blink frogs
  A jumping spider (Lair:3)
  10 slime creatures
  A dream sheep (Lair:5)
  A centaur simulacrum (D:11)
  12 spriggans (Lair:5)
  A water elemental (Elf:1)
  27 yaks
  2 steam dragons (D:8)
  4 small abominations (Abyss:3)
  5 vampires
  A wraith (D:11)
  6 basilisks
  3 wyverns
  A fire bat (Abyss:3)
  6 fire elementals
  11 vampire mosquitoes
  A warg (Orc:2)
  2 swamp worms (Lair:3)
  An acid dragon (D:14)
  22 water moccasins
  4 hell hounds (D:15)
  6 black bears
  2 sky beasts
  29 orc warriors
  6 ogres
  9 boggarts
  31 wolves
  6 centaurs
  4 elf zombies (Ossuary)
  4 kobold brigands
  13 bullfrogs
  2 gnoll sergeants
  4 scorpions
  9 wights
  13 killer bees
  4 electric eels
  7 howler monkeys
  A centaur zombie (Ossuary)
  2 jellies (D:7)
  A quasit (Abyss:3)
  18 orc priests
  4 hounds
  A human zombie (Ossuary)
  A gnoll bouda (D:5)
  2 sleepcaps
  An iguana (D:5)
  26 orc wizards
  7 hell rats (Lair:3)
  2 mummies (Ossuary)
  Robin (D:4)
  26 gnolls
  12 adders
  A howler monkey simulacrum (D:11)
  A white imp (D:5)
  3 ufetubi
  2 dart slugs
  79 orcs
  5 ball pythons
  5 endoplasms
  A giant cockroach (D:7)
  15 goblins
  6 hobgoblins
  23 jackals
  3 quokkas
  6 bats
  6 frilled lizards
  2 goblin zombies
  5 hobgoblin zombies (Ossuary)
  A jackal zombie (Ossuary)
  18 kobolds
  11 kobold zombies (Ossuary)
  11 orc zombies (Ossuary)
  5 rats
  3 rat zombies
  2 starspawn tentacles (Abyss:3)
800 creatures vanquished.

Vanquished Creatures (collateral kills)
  A hydra (Lair:5)
  A boulder beetle (D:14)
  A thrashing horror (Abyss:3)
  A sun demon (Abyss:3)
  A fire crab (shapeshifter) (Abyss:3)
  A cyclops (D:14)
  A manticore (D:14)
  2 elephants (Lair:5)
  An orange demon (Abyss:3)
  A tengu conjurer (D:14)
  A freezing wraith (D:14)
  A large abomination (Abyss:3)
  A ynoxinul (Abyss:3)
  A yak (Lair:5)
  2 fire bats (Abyss:3)
  A small abomination (Abyss:3)
  An orc warrior (Orc:2)
  2 killer bees (D:8)
  An iron imp (Abyss:3)
  3 orc wizards (Orc:2)
  3 orcs (Orc:2)
28 creatures vanquished.

Vanquished Creatures (others)
  A shadow wraith (D:12)
  An orc wizard (D:7)
  2 starspawn tentacles (Abyss:3)
4 creatures vanquished.

Grand Total: 832 creatures vanquished

Notes
Turn   | Place    | Note
-------+----------+-------------------------------------------
     0 | D:1      | Iniera the Draconian Hunter began the quest for the Orb.
     0 | D:1      | Reached XP level 1. HP: 17/17 MP: 1/1
   244 | D:1      | Reached XP level 2. HP: 24/24 MP: 2/2
   833 | D:1      | Found a faded altar of an unknown god.
  1122 | D:2      | Reached XP level 3. HP: 29/29 MP: 3/3
  1311 | D:2      | Reached skill level 5 in Ranged Weapons
  1346 | D:2      | Found Ufefaoff's Antique Weapon Emporium.
  1510 | D:3      | Reached XP level 4. HP: 36/36 MP: 4/4
  1607 | D:3      | Identified the +5 sling "Uvvucoek" {heavy, Drain Will-
                  | rCorr Dex+7}
  1623 | D:3      | Found a runed translucent door.
  1633 | D:3      | Noticed a bullfrog
  1635 | D:3      | Noticed liarliar's ghost (amateur OpAE)
  1696 | D:3      | Found a broken altar of Ashenzari.
  1940 | D:3      | Found a glowing silver altar of Zin.
  2165 | D:3      | Reached XP level 5. HP: 41/41 MP: 5/5
  2196 | D:3      | Found an opulent altar of Gozag.
  2283 | D:4      | Found a bloodstained altar of Trog.
  2325 | D:4      | Found a sacrificial altar of Ru.
  2366 | D:4      | Found a radiant altar of Vehumet.
  2510 | D:4      | Noticed Robin
  2514 | D:4      | Killed Robin
  2641 | D:4      | Found Rystreo's Distillery.
  2649 | D:4      | Reached XP level 6. HP: 50/50 MP: 6/6
  2654 | D:4      | Bought a potion of degeneration for 11 gold pieces
  2655 | D:4      | Bought a potion of lignification for 33 gold pieces
  2965 | D:4      | Your scales start taking on a rich purple colour.
  2965 | D:4      | Reached XP level 7. HP: 57/57 MP: 7/7
  3243 | D:5      | Entered Level 5 of the Dungeon
  3770 | D:5      | Reached XP level 8. HP: 67/67 MP: 8/8
  4044 | D:6      | Found a snail-covered altar of Cheibriados.
  4088 | D:6      | Found Jouxiso's CLEARANCE SALE!.
  4305 | D:6      | Found a sand-covered staircase.
  4314 | Ossuary  | Entered an ossuary
  4459 | Ossuary  | Reached skill level 5 in Fighting
  4557 | D:6      | Found a staircase to the Ecumenical Temple.
  4571 | Temple   | Entered the Ecumenical Temple
  4665 | Temple   | Became a worshipper of Qazlal Stormbringer
  4880 | D:6      | Found a hazy altar of Hepliaklqana.
  4920 | D:6      | Reached skill level 5 in Dodging
  5134 | D:6      | Bought a scarf of resistance for 160 gold pieces
  5414 | D:7      | Reached XP level 9. HP: 34/75 MP: 9/9
  5718 | D:7      | Found a shimmering altar of Xom.
  5822 | D:7      | Found an iron altar of Okawaru.
  5838 | D:7      | Reached * piety under Qazlal
  5879 | D:7      | Found a glowing golden altar of the Shining One.
  6262 | D:8      | Noticed a two-headed ogre
  6269 | D:8      | Killed a two-headed ogre
  6270 | D:8      | Reached skill level 10 in Ranged Weapons
  6270 | D:8      | Reached skill level 1 in Invocations
  6455 | D:8      | Reached skill level 2 in Invocations
  6517 | D:8      | Found a sparkling altar of Nemelex Xobeh.
  6596 | D:8      | Noticed Maggie
  6606 | D:8      | Killed Maggie
  6607 | D:8      | Reached skill level 1 in Shields
  6607 | D:8      | Reached XP level 10. HP: 51/84 MP: 11/11
  6865 | D:8      | Reached ** piety under Qazlal
  6909 | D:8      | HP: 2/84 [something (9)]
  7149 | D:8      | Identified a scroll of acquirement
  7149 | D:8      | Acquired the ring "Imeinwy" {rPois rCorr Str+6 Dex+3}
  7187 | D:8      | Reached skill level 3 in Invocations
  7753 | D:9      | Noticed an elephant
  7757 | D:9      | Killed an elephant
  7775 | D:9      | Found a staircase to the Lair.
  8167 | D:10     | Entered Level 10 of the Dungeon
  8268 | D:10     | Reached skill level 4 in Invocations
  8343 | D:10     | Reached *** piety under Qazlal
  8374 | D:10     | Reached skill level 5 in Shields
  8435 | D:10     | Found a staircase to the Orcish Mines.
  8515 | D:10     | Found an ancient bone altar of Kikubaaqudgha.
  8650 | D:10     | Reached XP level 11. HP: 91/91 MP: 14/14
  8661 | D:10     | Found a hide-covered altar of Uskayaw.
  8689 | D:10     | Found a blossoming altar of Fedhas.
  8932 | Orc:1    | Entered Level 1 of the Orcish Mines
  8983 | Orc:1    | Noticed an orc sorcerer
  8989 | Orc:1    | Killed an orc sorcerer
  9234 | Orc:1    | Reached **** piety under Qazlal
  9410 | Orc:2    | Entered Level 2 of the Orcish Mines
  9423 | Orc:2    | Reached skill level 5 in Invocations
  9426 | Orc:2    | Noticed an orc sorcerer
  9428 | Orc:2    | Paralysed by an orc sorcerer for 4 turns
  9433 | Orc:2    | Killed an orc sorcerer
  9473 | Orc:2    | Noticed an orc sorcerer
  9476 | Orc:2    | Killed an orc sorcerer
  9477 | Orc:2    | Noticed an orc knight
  9525 | Orc:1    | Killed an orc knight
  9536 | Orc:2    | Noticed an orc knight
  9541 | Orc:2    | Killed an orc knight
  9547 | Orc:2    | Noticed an orc sorcerer
  9553 | Orc:2    | Killed an orc sorcerer
  9556 | Orc:2    | Noticed an orc sorcerer
  9571 | Orc:2    | Killed an orc sorcerer
  9587 | Orc:1    | Noticed an orc sorcerer
  9592 | Orc:1    | Noticed a sun demon
  9601 | Orc:2    | Noticed an orc high priest
  9602 | Orc:2    | Noticed a sun demon
  9606 | Orc:2    | Killed an orc sorcerer
  9847 | Orc:2    | Noticed a sun demon
  9894 | Orc:1    | Killed an orc high priest
  9895 | Orc:1    | Reached skill level 6 in Invocations
 10136 | Orc:2    | Found a staircase to the Elven Halls.
 10147 | Orc:2    | Noticed an orc knight
 10156 | Orc:2    | Killed an orc knight
 10203 | Orc:2    | Noticed an orc warlord
 10215 | Orc:2    | Killed an orc warlord
 10216 | Orc:2    | Reached XP level 12. HP: 82/97 MP: 11/16
 10453 | Orc:2    | Found Pack's Distillery.
 10476 | Orc:2    | Bought a potion of heal wounds for 70 gold pieces
 10476 | Orc:2    | Bought a potion of heal wounds for 70 gold pieces
 10476 | Orc:2    | Bought a potion of curing for 42 gold pieces
 10520 | Orc:2    | Found Wuneuci's General Store.
 10539 | Orc:2    | Bought a potion of curing for 33 gold pieces
 10548 | Orc:2    | Found Ufuded's Antique Armour Boutique.
 10564 | Orc:2    | Found Viur Ysuff's Antique Weapon Boutique.
 10600 | Orc:2    | Found Urchipt's Book Boutique.
 10754 | Lair:1   | Entered Level 1 of the Lair of Beasts
 11036 | Lair:1   | Noticed a catoblepas
 11047 | Lair:1   | Killed a catoblepas
 11223 | Lair:1   | Reached skill level 7 in Invocations
 12710 | Lair:3   | Reached ***** piety under Qazlal
 12758 | Lair:3   | Noticed a death yak
 12762 | Lair:3   | Noticed a death yak
 12763 | Lair:3   | Noticed a death yak
 12766 | Lair:3   | Killed a death yak
 12773 | Lair:3   | Killed a death yak
 12780 | Lair:3   | Killed a death yak
 12781 | Lair:3   | Reached skill level 10 in Shields
 12940 | Lair:3   | Found a hole to the Spider Nest.
 12966 | Lair:3   | Reached XP level 13. HP: 104/104 MP: 18/18
 13241 | Lair:3   | Reached skill level 8 in Invocations
 13287 | Lair:3   | Found a staircase to the Swamp.
 13904 | Lair:4   | Found the +8 whip "Snakebite" {venom, curare, rPois}
 14073 | Lair:4   | Reached skill level 10 in Dodging
 14725 | Lair:5   | Entered Level 5 of the Lair of Beasts
 14753 | Lair:5   | Reached skill level 9 in Invocations
 15063 | Lair:5   | Found a dark tunnel.
 15074 | Volcano  | Entered a volcano
 15453 | Lair:5   | Reached skill level 10 in Invocations
 15949 | Lair:5   | Reached XP level 14. HP: 91/115 MP: 21/21
 16208 | Lair:5   | Found a staircase to the Slime Pits.
 16208 | Lair:5   | Found a viscous altar of Jiyva.
 16629 | D:10     | Reached skill level 11 in Invocations
 17036 | D:11     | Found a bloodstained altar of Trog.
 17759 | D:12     | Reached skill level 12 in Invocations
 18182 | Abyss:3  | Cast into level 3 of the Abyss (a wizard)
 18196 | D:12     | Escaped the Abyss
 18244 | D:12     | Found a runed translucent door.
 18351 | D:12     | Found a runed translucent door.
 18351 | D:12     | Found a runed translucent door.
 18434 | D:12     | Reached skill level 13 in Invocations
 18461 | D:12     | Got Sif Muna's Guide on Frigid Calefaction
 18528 | D:12     | Found the +11 Singing Sword {sonic wave}
 18560 | D:12     | Reached skill level 1 in Evocations
 18739 | D:12     | Reached skill level 10 in Fighting
 18937 | D:13     | Noticed an acid blob
 18937 | D:13     | Noticed an acid blob
 18937 | D:13     | Noticed an azure jelly
 18937 | D:13     | Found a runed translucent gate.
 18937 | D:13     | Found a runed translucent gate.
 18937 | D:13     | Found a runed translucent gate.
 18938 | D:13     | Noticed an acid blob
 18938 | D:13     | Noticed an azure jelly
 18938 | D:13     | Noticed Haugobec's ghost (journeyman MiBe)
 18939 | D:13     | Noticed Nessos
 18941 | D:13     | Noticed an acid blob
 18948 | D:13     | Noticed an azure jelly
 18958 | D:12     | Reached ****** piety under Qazlal
 18963 | D:12     | Killed Nessos
 19119 | D:13     | Noticed an azure jelly
 19292 | D:13     | Noticed an azure jelly
 19596 | D:12     | Reached XP level 15. HP: 78/126 MP: 25/25
 20047 | D:13     | Found a gate to the Vaults.
 20318 | D:13     | Noticed an acid blob
 20374 | D:13     | Found a viscous altar of Jiyva.
 20610 | D:14     | Reached skill level 14 in Invocations
 21529 | D:15     | Entered Level 15 of the Dungeon
 21634 | D:15     | Noticed Azrael
 21645 | D:15     | Noticed Agnes
 21647 | D:15     | HP: 2/128 [Azrael/damnation (37)]
 21649 | D:15     | Killed Azrael
 21657 | D:15     | Killed Agnes
 22207 | D:15     | Reached skill level 5 in Evocations
 22235 | D:15     | an alligator snapping turtle changed into a fenstrider
                  | witch
 22235 | D:15     | Noticed a fenstrider witch (glowing shapeshifter)
 22236 | D:15     | a fenstrider witch changed into a catoblepas
 22371 | D:15     | Found a staircase to the Depths.
 22678 | Elf:1    | Entered Level 1 of the Elven Halls
 22700 | Elf:1    | Reached skill level 15 in Invocations
 22714 | Elf:1    | Noticed a deep elf sorcerer
 22716 | Elf:1    | Killed a deep elf sorcerer
 23159 | Elf:1    | Noticed an Ice Fiend
 23161 | Elf:1    | Noticed a Brimstone Fiend
 23188 | Abyss:3  | Cast into level 3 of the Abyss (a deep elf demonologist)
 23264 | Abyss:3  | Reached XP level 16. HP: 60/139 MP: 23/27
 23277 | Abyss:3  | HP: 6/139 [sun demon[a balrug] (17)]
 23277 | Abyss:3  | HP: 2/139 [sun demon[a balrug] (4)]
 23301 | Abyss:3  | Found a corrupted altar of Lugonu.
 23326 | Abyss:3  | Noticed a tentacled starspawn
 23338 | Abyss:3  | Killed a tentacled starspawn
 23341 | Elf:1    | Escaped the Abyss
 23375 | Elf:1    | Reached skill level 16 in Invocations
 23770 | Elf:1    | Got the Papyrus of the Commander
 23807 | Abyss:3  | Cast into level 3 of the Abyss (a deep elf demonologist)
 23866 | Abyss:3  | Noticed a bone dragon
 23969 | Abyss:4  | HP: 6/136 [hell hog/fireball (13)]
 23975 | Abyss:4  | Killed from afar by a hell hog

Illustrated notes

Levels and vault maps discovered:
D:1:      moated_graveyard_arrival, layout_loops_corners, basic_ecumenical_altar
D:2:      layout_rooms, serial_shops, nicolae_shop_tiny_real_fake_doors,
          minivault_4
D:3:      layout_loops_ring, mainiacjoe_overflow_concentric_impassable,
          lemuel_coloured_pillars_altar, zin_statuary, ebering_ghost_sewer_d,
          kennysheep_nub
D:4:      cheibrodos_thug_alley, layout_loops_ring, nicolae_overflow_squiral,
          mainiacjoe_overflow_boulevard, fountainhead, nicolae_wooded_promenade,
          uniq_robin
D:5:      layout_loops_cross
D:6:      layout_gridville, nicolae_hepliaklqana_hippocampus, lemuel_tele_altar,
          minmay_temple_entry_offerings, enter_ossuary_4, serial_rivers,
          chequers_serial_rivers_micro_d, chequers_serial_rivers_small_b,
          chequers_serial_rivers_large_b, chequers_serial_rivers_small_b,
          chequers_serial_rivers_micro_c, chequers_serial_rivers_micro_d,
          nicolae_shop_clearance
D:7:      layout_rooms, tgw_xom, kennysheep_mini_moat, tso_metal_star
D:8:      kennysheep_steamy, layout_loops_cross,
          nemelex_xobeh_ov_fountains_minmay, uniq_maggie
D:9:      layout_rooms, david_lair_generic
D:10:     layout_small_grid, general_overflow_altar,
          mainiacjoe_overflow_big_doors, erik_orc_2, serial_park_tiny_pond
D:11:     minmay_ambush_box, layout_basic, trog_three_pillars_becter
D:12:     minmay_the_grid_four_pointed_star
          [minmay_the_grid_triangle_9x9_subtriangle,
          minmay_the_grid_triangle_9x9_tough_junction,
          minmay_the_grid_triangle_9x9_longest,
          minmay_the_grid_triangle_9x9_descending_squares,
          minmay_the_grid_prize_trominoes], layout_loops_cross, nzn_random_ring
D:13:     layout_cave_pools, erik_vaults_2, gammafunk_ghost_ooze, uniq_nessos
D:14:     layout_long_grid, nicolae_sextant
D:15:     gammafunk_enter_depths_forms, layout_cave_pools, serial_rivers,
          chequers_serial_rivers_micro_a, chequers_serial_rivers_small_3,
          chequers_serial_rivers_small_a, chequers_serial_rivers_micro_e,
          uniq_azrael, uniq_agnes
Temple:   nicolae_temple_great_sept
Lair:1:   layout_cave_pods, chequers_serial_rivers_room_b,
          serial_bayou_lagoon_a, lemuel_fruit_tree, serial_bayou_shore_b
Lair:2:   layout_cave_pods, st_stairs_13, infiniplex_staircase_pool_2,
          grunt_megastairs_1
Lair:3:   layout_concentric_octagons, nicolae_swamp_entry_splash_gauntlet,
          spider_nest_entry_rubble, grunt_megastairs_4
Lair:4:   minmay_guarded_unrand_snakebite, layout_regular_city,
          infiniplex_staircase_pool
Lair:5:   minmay_lair_end_enchanted_forest, layout_hall_layers, slime_entry_1,
          lightli_volcano_entry_magma_tube
Orc:1:    layout_caves
Orc:2:    grunt_orc_cross, layout_caves, serial_shops,
          nicolae_shop_window_shopping
Elf:1:    minmay_elf_arrival_plus, layout_loops_corners, minmay_elf_demonology,
          nicolae_elf_v_pinch, statue_in_the_mist_lemuel
Abyss:4:  base: Vaults:5, evilmike_abyss_exit_2, hangedman_abyss_or_decor_slice,
          evilmike_abyss_exit_15, nicolae_abyss_rune_star_stuff,
          evilmike_abyss_exit_glass

Skill      XL: |  1  2  3  4  5  6  7  8  9 10 11 12 13 14 15 16 |
---------------+-------------------------------------------------+-----
Ranged Weapons | 4 5 6 7 8 9 10 11 12 13 14 | 14.4
Fighting       | 3 4 5 6 8 10 11 12 | 12.2
Dodging        | 3 5 7 8 9 10 11 | 11.5
Invocations    | 2 4 6 7 10 13 15 16 | 16.3
Shields        | 1 5 8 10 11 12 | 12.5
Evocations     | 2 6 7 |  7.2
Stealth        | |  0.8

Action                     |  1- 3 |  4- 6 |  7- 9 | 10-12 | 13-15 | 16-18 || total
---------------------------+-------+-------+-------+-------+-------+-------++-------
  Melee: Sling             |       |       |       |     6 |     3 |       ||     9
         Tailslap          |       |       |       |     2 |       |       ||     2
   Fire: Shortbow          |   134 |    15 |       |       |       |       ||   149
         Sling             |       |   101 |   313 |   598 |  1064 |   141 ||  2217
 Invoke: Upheaval          |       |       |       |     2 |    14 |     3 ||    19
         Elemental Force   |       |       |       |     4 |     5 |     3 ||    12
Ability: Breathe Dispellin |       |       |     5 |     2 |     1 |       ||     8
  Evoke: Wand              |       |       |       |     3 |       |       ||     3
         Phial of floods   |       |       |       |       |     1 |       ||     1
    Use: Scroll            |     8 |     4 |     9 |     8 |     5 |     2 ||    36
         Potion            |       |       |     1 |     3 |     5 |    12 ||    21
 Armour: Skin              |    19 |    18 |    84 |    62 |   135 |    21 ||   339
  Dodge: Dodged            |    51 |    53 |   251 |   239 |   477 |    73 ||  1144
         Repelled          |       |       |       |     1 |     7 |     4 ||    12
  Block: Kite shield       |       |       |     6 |   348 |   982 |   159 ||  1495
         Other             |       |       |     3 |       |       |       ||     3

Table legend: (Time is in decaauts)
 A = Elapsed time spent in this place.
 B = Non-inter-level travel time spent in this place.
 C = Inter-level travel time spent in this place.
 D = Time resting spent in this place.
 E = Time spent auto-exploring this place.
 F = Levels seen in this place.
 G = Mean time per level.
                   A        B        C        D        E       F      G
               +--------+--------+--------+--------+--------+-----+--------+
         Total |  24705 |  23595 |   1110 |   3371 |  15167 |  30 |  823.5 |
       Dungeon |  15190 |  14502 |    688 |   1766 |   9836 |  15 | 1012.7 |
        Temple |    105 |     94 |     11 |      0 |     66 |   1 |  105.0 |
          Lair |   5698 |   5358 |    340 |    671 |   3790 |   5 | 1139.6 |
  Orcish Mines |   1824 |   1756 |     68 |    683 |    693 |   2 |  912.0 |
   Elven Halls |   1015 |   1015 |      0 |    222 |    531 |   1 | 1015.0 |
         Abyss |    354 |    354 |      0 |     28 |     35 |   4 |   88.5 |
       Ossuary |    275 |    275 |      0 |      0 |    107 |   1 |  275.0 |
       Volcano |    241 |    241 |      0 |      0 |    109 |   1 |  241.0 |
               +--------+--------+--------+--------+--------+-----+--------+

Top non-repeatable levels by time:
    D:12: 2126 daAuts
     D:8: 1406 daAuts
  Lair:5: 1284 daAuts
  Lair:4: 1193 daAuts
     D:6: 1173 daAuts
    D:10: 1164 daAuts
  Lair:3: 1161 daAuts
    D:14: 1155 daAuts
  Lair:1: 1130 daAuts
    D:15: 1034 daAuts
     D:4: 1022 daAuts
   Elf:1: 1015 daAuts
     D:1: 996 daAuts
   Orc:1: 931 daAuts
  Lair:2: 928 daAuts
